 Dungeon Crawl Stone Soup version 0.27.1 (webtiles) character file.

Game seed: 13322210214002088847

81 FreshCat the Covert (level 4, -2/21 HPs)
             Began as a Felid Delver on Aug 28, 2021.
             Slain by an orc (3 damage)
             ... on level 3 of the Dungeon.
             The game lasted 00:08:33 (1615 turns).

FreshCat the Covert (Felid Delver)                  Turns: 1615, Time: 00:08:34

Health: -2/21      AC:  1    Str:  9    XL:     4   Next: 20%
Magic:  14/14      EV: 18    Int: 17    God:
Gold:   50         SH:  0    Dex: 17    Spells: 3/3 levels left
                                        Lives:  0   Deaths: 1

rFire    . . .     SeeInvis +     - Unarmed
rCold    . . .     Faith    .   (shield unavailable)
rNeg     . . .     Spirit   .   (armour unavailable)
rPois    .         Reflect  .   (helmet unavailable)
rElec    .         Harm     .   (cloak unavailable)
rCorr    .         Rampage  .   (gloves unavailable)
Will     .....                  (boots unavailable)
Stlth    ++........             h - amulet of magic regeneration
HPRegen  0.07/turn              j - ring of magical power
MPRegen  0.39/turn              a - +6 ring of intelligence

@: confused, studying Conjurations, quick
A: very small, claws 1, fangs 3, see invisible, speed 1, shaggy fur 1, stealthy
paws, no weapons or thrown items, no armour, multi-lived
a: no special abilities


You were on level 3 of the Dungeon.
You visited 1 branch of the dungeon, and saw 4 of its levels.

You collected 50 gold pieces.

Inventory:

Missiles
 f - 45 stones
 k - 17 arrows
Jewellery
 a - a +6 ring of intelligence (right paw)
 h - an amulet of magic regeneration (around neck)
 j - a ring of magical power (left paw)
Wands
 e - a wand of digging (3)
Potions
 b - 2 potions of attraction


   Skills:
 + Level 3.4 Fighting
 + Level 3.1 Dodging
 + Level 8.7 Stealth
 + Level 2.7 Unarmed Combat


You had 3 spell levels left.
You didn't know any spells.
Your spell library was empty.

Dungeon Overview and Level Annotations

Branches:
Dungeon (6/15)
 Temple: D:4-7

Altars:

Annotations:
D:4 exclusions: adder and hobgoblin
D:5 Menkaure


Innate Abilities, Weirdness & Mutations

You have sharp claws.
You have razor-sharp teeth.
You have supernaturally acute eyesight. (SInv)
You cover ground quickly. (Speed+)
You are covered in fur. (AC +1)
Your paws help you pounce on unaware monsters.
You are incapable of wielding weapons or throwing items.
You cannot wear armour.
You gain extra lives every three experience levels.


Message History

No target in view!
Things that are here:
a +0 dagger of speed; a kobold corpse An orc is nearby!
An orc wizard comes into view. It is wielding a +0 dagger.
The orc shouts!
The orc wizard shouts!
You scratch the orc.
The orc is lightly wounded.
You hear a shout!
The orc hits you with a +0 hand axe.
You scratch the orc.
The orc is moderately wounded.
The orc hits you with a +0 hand axe.
You barely miss the orc.
The orc is moderately wounded.
The orc wizard gestures at you while chanting.
The puff of flame hits you. The orc hits you with a +0 hand axe.
* * * LOW HITPOINT WARNING * * *
You are too injured to fight recklessly!
An orc comes into view. It is wielding a +0 short sword.
You aren't carrying any scrolls.
Saving game... please wait.
Welcome back, FreshCat the Felid Delver.
Press ? for a list of commands and other information.
You barely miss the orc wizard. You barely miss the orc.
The orc is moderately wounded.
You scratch the orc.
You kill the orc!
The orc wizard gestures at you while chanting.
You are confused.
The orc wizard completely misses you.
You scratch the orc wizard.
The orc wizard is moderately wounded.
The orc barely misses you.
The orc wizard hits you with a +0 dagger.
* * * LOW HITPOINT WARNING * * *
You're too confused to move!
The orc wizard barely misses you. The orc hits you with a +0 short sword.
You die...

#..............#.# #)#
####.###..#....#.# #.#
#.###.......#.####.#
#####....#)#...........#
#.....5†..........######
#.#####.##.###).### #. ###
#o##......# ###.?...
#.#####...# .......# #o#
#@o.# #.##..#.# ..# #.o)#
#.##.#..## ..## #...#
#........# #..
####...#####........#
#..#....$........#.##.##.#
..........................
.o................#..######
.#.####...######.## # #...#
#.#


You could see an orc wizard and an orc.

Vanquished Creatures
  A hound (D:3)
  A jelly (D:4)
  A scorpion zombie (D:3)
  An orc wizard (D:3)
  An ufetubus (D:3)
  5 orcs
  An endoplasm (D:4)
  2 goblins (D:3)
  2 kobolds
  A quokka (D:3)
  2 bats (D:3)
18 creatures vanquished.

Notes
Turn   | Place    | Note
-------+----------+-------------------------------------------
     0 | D:5      | FreshCat the Felid Delver began the quest for the Orb.
     0 | D:5      | Reached XP level 1. HP: 10/10 MP: 2/2
     1 | D:6      | Noticed a gnoll shaman
    13 | D:5      | Noticed a necrophage
    21 | D:5      | Noticed Menkaure
   293 | D:4      | Noticed a jelly
   295 | D:4      | Killed a jelly
   296 | D:4      | Reached skill level 7 in Stealth
   296 | D:4      | Reached XP level 2. HP: 14/14 MP: 3/3
   296 | D:4      | Reached XP level 3. HP: 17/17 MP: 4/4
   743 | D:3      | Identified a scroll of acquirement
   743 | D:3      | Acquired a manual of Conjurations
   751 | D:3      | Reached skill level 8 in Stealth
  1262 | D:3      | Reached XP level 4. HP: 21/21 MP: 5/5
  1378 | D:3      | Hit by a boomerang thrown by an orc
  1379 | D:3      | Reached XP level 3. HP: -2/17 MP: 13/13
  1401 | D:3      | Reached XP level 4. HP: 12/21 MP: 5/5
  1613 | D:3      | HP: 1/21 [orc wizard (1)]
  1615 | D:3      | Slain by an orc

Illustrated notes

Levels and vault maps discovered:
D:3:      layout_loops_cross, zin_treasury
D:4:      layout_basic, serial_shops, shop, uniq_robin
D:5:      layout_loops_ring, serial_shops, shop, uniq_grinder, uniq_menkaure
D:6:      layout_gridville, minmay_temple_entry_antechambers,
          guppyfry_early_elven_hall

Skill      XL: |  1  2  3 |
---------------+----------+-----
Stealth        | 7 8 |  8.7
Dodging        | 3 |  3.1
Fighting       | |  3.4
Unarmed Combat | |  2.7

Action                   |  1- 3 |  4- 6 || total
-------------------------+-------+-------++-------
Melee: Unarmed           |    35 |    30 ||    65
       Bite              |     3 |     1 ||     4
  Use: Scroll            |     5 |       ||     5
       Potion            |     2 |     1 ||     3
 Stab: Sleeping          |     4 |       ||     4
       Distracted        |       |     1 ||     1
Armor: Skin              |     6 |       ||     6
Dodge: Dodged            |    19 |    27 ||    46
